Map: Dusk Towers

Players

Mindele - Winner!

  • Race: Terran Terran

captainbob

  • Race: Protoss Protoss
  • League: Silver

VOD

Have the link to the VOD?

Description

Time

  • Played on: May 13, 2016, 7:33 p.m.
  • Length: 7:51
Show
View Real Time Build Order
Export as new Build Order

Mindele Terran - Winner!

Build Orders:  

Get SALT Encoding   

  12  0:01  SCV  
  13  0:20  Supply Depot, SCV  
  14  0:32  SCV  
  15  0:44  SCV  
  15  0:45  Refinery  
  16  0:56  Barracks  
  16  0:57  SCV  
  17  1:07  Supply Depot  
  17  1:09  SCV  
  18  1:21  SCV  
  19  1:29  Barracks  
  19  1:35  Supply Depot  
  20  1:46  Orbital Command  
  19  1:53  Marine  
  20  2:12  Marine  
  20  2:15  SCV  
  22  2:20  Refinery  
  22  2:26  Factory  
  22  2:27  SCV  
  23  2:30  Marine  
  23  2:34  Marine  
  25  2:39  SCV  
  26  2:51  SCV  
  26  2:53  Marine x2  
  26  2:55  Supply Depot  
  29  3:03  SCV  
  30  3:09  Barracks  
  30  3:15  SCV, Armory  
  30  3:17  Marine  
  30  3:18  Marine  
  33  3:28  SCV  
  33  3:30  Supply Depot  
  34  3:36  Factory Tech Lab  
  34  3:40  SCV  
  35  3:44  Marine x2  
  37  3:52  SCV  
  38  3:56  Supply Depot  
  39  4:04  SCV  
  42  4:11  Thor  
  42  4:15  Marine x2  
  42  4:16  SCV  
  48  4:19  Marine  
  49  4:28  SCV  
  50  4:34  Terran Vehicle And Ship Armor Level 1  
  50  4:39  Marine x2  
  50  4:40  SCV  
  50  4:41  Marine  
  50  4:44  Supply Depot  
  54  4:52  SCV  
  55  4:57  Thor  
  61  5:01  Marine  
  61  5:04  SCV  
  63  5:07  Starport  
  63  5:09  Marine  
  63  5:10  Marine  
  65  5:15  Supply Depot  
  65  5:16  SCV  
  65  5:28  SCV  
  65  5:29  Marine x2  
  68  5:36  Marine  
  68  5:40  Supply Depot  
  68  5:41  SCV  
  70  5:46  Starport Tech Lab  
  70  5:48  Marine x2  
  72  5:59  Marine  
  73  6:04  SCV  
  73  6:06  Marine  
  73  6:07  Raven  
  77  6:12  Marine  
  77  6:15  Supply Depot  
  77  6:17  SCV  
  77  6:18  Marine  
  80  6:26  Marine  
  80  6:29  SCV  
  80  6:30  Marine  
  83  6:41  SCV  
  83  6:46  Marine  
  85  6:49  Marine x2  
  85  6:53  SCV  
  91  6:55  Thor  
  91  7:00  Supply Depot  
  94  7:05  SCV  
  95  7:21  Marine x2  
  95  7:22  Supply Depot  
Show
View Real Time Build Order
Export as new Build Order

captainbob Protoss 

Build Orders:  

Get SALT Encoding   

  12  0:08  Probe (Chrono Boost)  
  13  0:21  Pylon  
  13  0:22  Probe (Chrono Boost)  
  14  0:32  Probe (Chrono Boost)  
  15  0:44  Gateway  
  15  0:53  Gateway  
  15  0:57  Pylon  
  15  0:58  Probe (Chrono Boost)  
  16  1:06  Assimilator  
  16  1:18  Probe (Chrono Boost)  
  17  1:20  Assimilator  
  17  1:26  Gateway  
  17  1:37  Cybernetics Core  
  17  1:50  Forge  
  17  2:02  Pylon  
  17  2:07  Pylon  
  17  2:22  Probe (Chrono Boost)  
  18  2:32  Probe (Chrono Boost)  
  18  2:34  Zealot, Gateway  
  18  2:36  Zealot  
  18  2:37  Zealot  
  25  2:43  Probe (Chrono Boost)  
  26  3:02  Probe (Chrono Boost)  
  27  3:12  Probe (Chrono Boost)  
  28  3:19  Nexus  
  28  3:23  Probe (Chrono Boost)  
  29  3:29  Warp Gate  
  29  3:36  Protoss Ground Weapons Level 1  
  29  3:43  Twilight Council  
  29  3:51  Stalker  
  31  3:56  Stalker  
  33  4:06  Stalker  
  35  4:13  Stalker  
  37  4:28  Stalker  
  37  4:31  Stalker  
  41  4:39  Probe (Chrono Boost)  
  42  4:46  Pylon  
  42  4:50  Probe (Chrono Boost)  
  43  5:06  Robotics Facility  
  43  5:10  Stalker  
  43  5:11  Stalker  
  47  5:21  Probe (Chrono Boost)  
  48  5:31  Probe (Chrono Boost)  
  49  5:37  Mothership Core (Chrono Boost), Assimilator  
  49  5:42  Probe (Chrono Boost)  
  52  5:49  Assimilator  
  52  5:52  Probe (Chrono Boost)  
  53  6:03  Probe (Chrono Boost)  
  54  6:05  Robotics Bay  
  54  6:13  Probe (Chrono Boost)  
  55  6:24  Probe (Chrono Boost)  
  56  6:33  Observer  
  56  6:34  Probe (Chrono Boost)  
  56  6:36  Zealot  
  56  6:37  Zealot x2  
  56  6:38  Zealot  
  66  6:43  Probe  
  67  6:54  Probe  
  67  6:57  Pylon  
  67  7:00  Pylon  
  68  7:03  Pylon  
  68  7:04  Probe  
  69  7:15  Probe  
  70  7:25  Probe  
  70  7:26  Photon Cannon  
  68  7:30  Photon Cannon  
Tags
 
Add a new tag
Caveats
  • Supply blocks, unpowered buildings, or Contaminate may cause inaccurate times.
  • Supply counts are checked every 10 seconds.